 Dungeon Crawl Stone Soup version 0.30.0-20-g3b4254fcbd (webtiles) character file.

Game seed: 6853388771289808172

141 jagang the Digger (level 5, -2/31 HPs)
             Began as an Octopode Earth Elementalist on June 2, 2023.
             Was an Initiate of Vehumet.
             Killed by divine providence
             ... invoked by an orc priest
              (14 damage)
             ... on level 3 of the Dungeon.
             The game lasted 00:03:41 (2037 turns).

jagang the Digger (Octopode Earth Elementalist)     Turns: 2037, Time: 00:03:44

Health: -2/31      AC:  1    Str:  8    XL:     5   Next: 24%
Magic:  7/9        EV: 13    Int: 19    God:    Vehumet [......]
Gold:   82         SH:  0    Dex: 12    Spells: 8/9 levels left

rFire   . . .        (no weapon)
rCold   . . .        (no shield)
rNeg    . . .        (helmet restricted)
rPois   .            (no amulet)
rElec   .            (no ring)
rCorr   .            (no ring)
SInv    .            (no ring)
Will    .....        (no ring)
Stlth   +++          (no ring)
HPRegen 0.25/turn    (no ring)
MPRegen 0.11/turn    (no ring)
                     (no ring)

%: no passive effects
@: no status effects
A: almost no armour, amphibious, 8 rings, camouflage 1, gelatinous body 1,
(nimble swimmer 1), tentacles
a: Renounce Religion


You were on level 3 of the Dungeon.
You worshipped Vehumet.
Vehumet was noncommittal.
You visited 1 branch of the dungeon, and saw 3 of its levels.

You collected 82 gold pieces.

Inventory:

Jewellery
 k - an amulet of guardian spirit
Scrolls
 c - a scroll of vulnerability {unknown}
 d - 3 scrolls of identify {unknown}
 e - a scroll of fear {unknown}
 g - a scroll of silence {unknown}
 h - a scroll of fog {unknown}
 i - 2 scrolls of teleportation {unknown}
 j - a scroll of noise {unknown}
Potions
 a - a potion of magic
 b - a potion of invisibility {unknown}
 f - 2 potions of mutation {unknown}
 l - a potion of curing {unknown}


   Skills:
 + Level 2.9 Dodging
 - Level 2.6 Stealth
 + Level 2.9 Spellcasting
 - Level 2.1 Transmutations
 * Level 4.3 Earth Magic


You had 8 spell levels left.
You knew the following spells:

 Your Spells              Type           Power      Damage    Failure   Level
a - Sandblast             Erth           38%        2d10      2%          1

Your spell library contained the following spells:

 Spells                   Type           Power      Damage    Failure   Level
 Passwall                 Tmut/Erth      11%        N/A       6%          2
 Stone Arrow              Conj/Erth      20%        3d8       19%         3
 Ensorcelled Hibernation  Hex/Ice        4%         N/A       24%         2
 Petrify                  Tmut/Erth      14%        N/A       38%         4
 Swiftness                Air            2%         N/A       43%         3
 Lehudib's Crystal Spear  Conj/Erth      5%         10d3      100%        8
 Animate Armour           Summ/Erth      Unusable   N/A       N/A         4

Dungeon Overview and Level Annotations

Branches:
Dungeon (3/15)

Altars:
Qazlal
Vehumet


Innate Abilities, Weirdness & Mutations

You cannot wear most types of armour.
You are amphibious.
You can wear up to eight rings at the same time.
Your skin changes colour to match your surroundings (Stealth+).
Your rubbery body absorbs attacks. (AC +1, EV +1)
((You are camouflaged when in or above water. (Stealth+)))
You have tentacles for arms and can constrict up to eight enemies at once.


Message History

An orc comes into view.
It is wielding a +0 club. 2 orc priests and a goblin come into view.
Found 18 gold pieces.
The orc priest shouts! x2; The orc shouts!
An orc comes into view. It is wielding a +0 club.
The blast of sand hits the orc priest.
The orc priest is lightly wounded.
The orc priest hits you with a +0 hand axe.
The blast of sand hits the orc priest!
The orc priest is almost dead.
The orc priest hits you with a +0 hand axe.
The blast of sand hits the orc priest but does no damage.
The orc priest is almost dead.
The orc priest calls down the wrath of Beogh upon you.
Beogh smites you!
A frilled lizard comes into view.
The frilled lizard hisses angrily.
You are too injured to fight recklessly!
The orc attacks as you move away! The orc misses you.
The orc priest begins to cast a cantrip, but forgets the words!
You tentacle-slap the orc. You grab the orc.
The orc is moderately wounded.
You constrict the orc.
The orc priest begins to cast a cantrip, but forgets the words!
The orc closely misses you.
Unknown command.
You tentacle-slap the orc.
The orc is heavily wounded.
You constrict the orc. The orc misses you.
You tentacle-slap the orc.
You kill the orc!
Vehumet accepts your kill.
The orc priest looks satisfied for a moment.
You tentacle-slap the goblin. Your grab misses the goblin.
Your squeeze misses the goblin.
The goblin is heavily wounded.
The goblin hits you with a +0 dagger.
The orc priest invokes the aid of Beogh against you.
Beogh smites you!
You die...

#....#.####. #
#....#.# ..
#....#.# ..# # .
#....#.# #.. #.##
#.# #.. ..... #.#
##..#####
.....o#### #.#
#........
$..o.log.## #.#
#........
.....###@.###.#
#........ ###
##..##.#
#........
##....####.......
###..<......####
#....###..##..
#.........##..
#.#...###.##..
#.......#.##..
####....#.##..


You could see 2 orc priests, an orc, a goblin and a frilled lizard.

Vanquished Creatures
  A hound (D:3)
  An orc wizard (D:3)
  2 adders (D:2)
  A dart slug (D:2)
  5 orcs (D:3)
  6 ball pythons
  6 endoplasms
  4 giant cockroaches
  4 goblins
  2 hobgoblins
  4 quokkas
  9 bats
  A frilled lizard (D:1)
  9 kobolds
  7 rats
62 creatures vanquished.

Notes
Turn   | Place    | Note
-------+----------+-------------------------------------------
     0 | D:1      | jagang the Octopode Earth Elementalist began the quest for
                  | the Orb.
     0 | D:1      | Reached XP level 1. HP: 11/11 MP: 3/3
   124 | D:1      | Reached XP level 2. HP: 5/17 MP: 0/5
   624 | D:1      | Reached XP level 3. HP: 21/21 MP: 4/6
   727 | D:1      | Found a faded altar of an unknown god.
  1355 | D:2      | Reached XP level 4. HP: 27/27 MP: 4/7
  1623 | D:3      | Found a radiant altar of Vehumet.
  1633 | D:3      | Became a worshipper of Vehumet
  1678 | D:3      | Reached skill level 4 in Earth Magic
  1841 | D:3      | Reached XP level 5. HP: 26/31 MP: 5/9
  1969 | D:3      | Found a stormy altar of Qazlal.
  2037 | D:3      | Killed from afar by an orc priest

Illustrated notes

Levels and vault maps discovered:
D:1:      dpeg_arrival_prison, layout_loops_ring,
          ebering_ecumenical_altar_abandoned, minmay_ruptured
D:2:      layout_rooms
D:3:      layout_basic, nicolae_vehumet_radiance,
          nicolae_qazlal_eye_of_the_storm, uniq_robin

Skill      XL: |  1  2  3  4 |
---------------+-------------+-----
Transmutations | 2 |  2.1
Earth Magic    | 4 |  4.3
Dodging        | |  2.9
Stealth        | |  2.6
Spellcasting   | |  2.9

Action                     |  1- 3 |  4- 6 || total
---------------------------+-------+-------++-------
  Melee: Unarmed           |    27 |    23 ||    50
         Constrict         |    12 |     4 ||    16
         Tentacles         |     6 |     5 ||    11
         Punch             |     1 |       ||     1
   Cast: Sandblast         |    45 |    25 ||    70
 Armour: Skin              |     4 |     2 ||     6
  Dodge: Dodged            |    39 |    26 ||    65
